AoeStats
← Kilmor

Nomad

510740960Analyzed
3v3 RM · 1d ago on Oct 2, 2026· 41m 23s· 6 players
Game mode
Random Map
Map size
210×210
Population
200
Speed
Normal
Resources
Standard
Victory
Conquest
Starting age
Dark Age
Ending age
Imperial Age
RankedLock teamsTeams togetherTeam positionsShared explorationLock speedFull tech treeHidden civsTurbo modeCheats
Victory
Defeat
🇩🇪 Mapuche · Germany
1146
+13
🇩🇪 Persians · Germany
1076
+16
🇩🇪 Dravidians · Germany
958
+58
🇦🇺 Hindustanis · Australia
1112
-18
🇦🇺 Italians · Australia
1099
-18
🇨🇳 Huns · China
1007
-14
Florenzo
6:09 Loom
14:37 Feudal Age
19:38 Fishing Lines
22:29 Castle Age
20:59 Forging
23:34 Medium Warships
24:22 Gillnets
26:29 Gold Mining
26:28 Double-Bit Axe
28:42 Fletching
30:25 Bodkin Arrow
31:08 Bow Saw
31:06 Malon
34:40 Wheelbarrow
34:59 Padded Archer Armor
38:59 Ballistics
39:23 Leather Archer Armor
39:50 Gold Shaft Mining
Melromarc
9:24 Loom
14:30 Feudal Age
16:49 Double-Bit Axe
16:45 Horse Collar
21:19 Castle Age
20:02 Fishing Lines
22:21 Wheelbarrow
23:07 Bow Saw
22:49 Gold Mining
23:02 Heavy Plow
24:53 Fletching
25:04 Padded Archer Armor
25:36 Gillnets
27:28 Hand Cart
28:57 Ballistics
29:08 Thumb Ring
31:23 Medical Corps
39:04 Imperial Age
37:07 Bodkin Arrow
39:21 Leather Archer Armor
39:05 Elite Elephant Archer
41:12 Chemistry
40:04 Town Watch
41:29 Conscription
DonaldDuck
5:38 Loom
14:23 Feudal Age
15:32 Double-Bit Axe
18:07 Gold Mining
22:22 Castle Age
20:30 Horse Collar
20:54 Fletching
22:03 Fishing Lines
23:46 Medium Warships
23:43 Bodkin Arrow
26:02 Bow Saw
26:48 Forging
27:39 Gillnets
32:49 Wheelbarrow
33:16 Town Watch
34:12 Gold Shaft Mining
33:27 Stone Mining
34:15 Heavy Plow
35:12 Hand Cart
35:21 Town Patrol
37:40 Scale Mail Armor
38:15 Iron Casting
37:45 Scale Barding Armor
40:17 Husbandry
40:29 Bloodlines
Kilmor
5:54 Loom
13:34 Feudal Age
17:36 Castle Age
15:58 Double-Bit Axe
16:10 Gold Mining
18:45 Medium Warships
20:19 Wheelbarrow
19:56 Bow Saw
20:55 Horse Collar
22:39 Fletching
22:55 Heavy Plow
23:20 Bodkin Arrow
26:47 Ballistics
29:05 Grand Trunk Road
29:09 Stone Mining
32:58 Forging
36:12 Imperial Age
33:59 Husbandry
34:34 Bloodlines
34:43 Scale Barding Armor
36:20 Chain Barding Armor
36:58 Iron Casting
36:18 Heavy Camel Rider
37:56 Light Cavalry
38:59 Hand Cart
39:21 Hussar
41:26 Chemistry
Little Fletch
5:35 Loom
14:13 Feudal Age
20:33 Castle Age
20:29 Double-Bit Axe
23:14 Bow Saw
26:23 Horse Collar
29:51 Forging
30:34 Elite Skirmisher
31:07 Fletching
31:18 Padded Archer Armor
35:14 Imperial Age
42:25 Iron Casting
42:09 Leather Archer Armor
41:50 Bodkin Arrow
lty20000612
15:51 Feudal Age
22:20 Double-Bit Axe
26:43 Castle Age
27:49 Bow Saw
27:33 Gold Mining
27:35 Stone Mining
29:54 Gold Shaft Mining
31:25 Loom
32:03 Pikeman
32:43 Squires
34:14 Scale Barding Armor
34:46 Horse Collar
35:50 Husbandry
36:01 Bloodlines
35:55 Scale Mail Armor
36:41 Forging
Connection lost

Rejoining the realm…

Still unreachable

The connection could not be restored.

Session expired

The server has moved on; the page needs a fresh start.